 Dungeon Crawl Stone Soup version 0.21.1-1-g345015f (webtiles) character file.

12 letownia2 the Charmwright (level 2, 17/26 HPs)
             Began as a Gnoll Skald on Feb 26, 2018.
             Quit the game on level 1 of the Dungeon.
             The game lasted 00:02:20 (264 turns).

letownia2 the Charmwright (Gnoll Skald)              Turns: 264, Time: 00:02:21

Health: 17/26      AC:  3    Str: 13    XL:     2   Next: 33%
Magic:  7/7        EV: 14    Int: 15    God:
Gold:   33         SH:  0    Dex: 14    Spells: 5/10 levels left

rFire    . . .     SeeInvis .   a - +0 mace
rCold    . . .     Gourm    .   (no shield)
rNeg     . . .     Faith    .   b - +0 leather armour
rPois    .         Spirit   .   (no helmet)
rElec    .         Reflect  .   (no cloak)
rCorr    .         Harm     .   (no gloves)
MR       .....                  (no boots)
Stlth    +.........             (no amulet)
HPRegen  0.08/turn              (no ring)
MPRegen  0.10/turn              (no ring)

@: no status effects
A: distributed training, fangs 1, strong nose
a: no special abilities


You were on level 1 of the Dungeon.
You were not hungry.

You visited 1 branch of the dungeon, and saw 2 of its levels.

You collected 33 gold pieces.

Inventory:

Hand Weapons
 a - a +0 mace (weapon)
Armour
 b - a +0 leather armour (worn)
Scrolls
 e - a scroll of identify {unknown}
Potions
 g - a potion of invisibility {unknown}
Books
 c - a book of Battle

   Spells                             Type                      Level
   a - Infusion                       Charms                       1
   b - Shroud of Golubria             Charms/Translocation         2
   c - Song of Slaying                Charms                       2
   d - Spectral Weapon                Hexes/Charms                 3
   e - Regeneration                   Charms/Necromancy            3
Comestibles
 d - a ration
 f - a chunk of flesh


   Skills:
 + Level 4.4 Fighting
 + Level 0.3 Short Blades
 + Level 0.3 Long Blades
 + Level 0.3 Axes
 + Level 4.4 Maces & Flails
 + Level 0.3 Polearms
 + Level 0.3 Staves
 + Level 0.3 Slings
 + Level 0.3 Bows
 + Level 0.3 Crossbows
 + Level 0.3 Throwing
 + Level 2.4 Armour
 + Level 4.4 Dodging
 + Level 0.3 Stealth
 + Level 0.3 Shields
 + Level 0.3 Unarmed Combat
 + Level 4.9 Spellcasting
 + Level 0.2 Conjurations
 + Level 0.2 Hexes
 + Level 5.3 Charms
 + Level 0.2 Summonings
 + Level 0.2 Necromancy
 + Level 0.2 Translocations
 + Level 0.2 Transmutations
 + Level 0.2 Fire Magic
 + Level 0.2 Ice Magic
 + Level 0.2 Air Magic
 + Level 0.2 Earth Magic
 + Level 0.2 Poison Magic
 + Level 0.4 Invocations
 + Level 0.3 Evocations


You had 5 spell levels left.
You knew the following spells:

 Your Spells              Type           Power        Failure   Level  Hunger
a - Infusion              Chrm           ###.         2%          1    None
l - Song of Slaying       Chrm           ###.....     3%          2    ##.....
t - Shroud of Golubria    Chrm/Tloc      ##........   10%         2    ##.....


Dungeon Overview and Level Annotations

Branches:
Dungeon (2/15)

Altars:


Innate Abilities, Weirdness & Mutations

Your experience applies equally to all skills.
You have very sharp teeth.
Your uncanny sense of smell can sniff out nearby items.


Message History

Your bite misses the leopard gecko.
The leopard gecko is moderately wounded.
The leopard gecko barely misses you.
The leopard gecko bites you but does no damage.
You miss the leopard gecko.
The leopard gecko is moderately wounded.
The leopard gecko completely misses you.
You closely miss the leopard gecko. Your bite misses the leopard gecko.
The leopard gecko is moderately wounded.
The leopard gecko barely misses you. x2
You hit the leopard gecko.
You kill the leopard gecko!
Your shroud begins to fray at the edges.
You see here a leopard gecko corpse.
Found 16 stones.
Your shroud unravels.
You see here 16 stones.
Found 12 gold pieces.
You now have 33 gold pieces (gained 12).
Are you sure you want to abandon this character and quit the game? (Confirm with "yes".)

### ### #.#####.# #.......#
#.#####.# #.# #.#############
#.# #......@.......
#.##########################
#..............(............
.........................####.
########################.#
.......................#.#
.#####################.#.####
.#.. #†.....# .#.# #......#


There were no monsters in sight!

Vanquished Creatures
  A dart slug (D:1)
  A leopard gecko (D:1)
  3 bats
  2 hobgoblins
  A kobold (D:1)
  A rat (D:1)
9 creatures vanquished.

Notes
Turn   | Place    | Note
-------+----------+-------------------------------------------
     0 | D:1      | letownia2 the Gnoll Skald began the quest for the Orb.
     0 | D:1      | Reached XP level 1. HP: 20/20 MP: 6/6
     3 | D:1      | Noticed an electric eel
     4 | D:1      | Noticed an electric eel
   122 | D:2      | Reached XP level 2. HP: 13/26 MP: 7/7
   179 | D:1      | Learned a level 2 spell: Shroud of Golubria
   186 | D:1      | Learned a level 2 spell: Song of Slaying
   264 | D:1      | Quit the game

Action                   || total
-------------------------++-------
Melee: Mace              ||    34
       Bite              ||     3
 Cast: Shroud of Golubri ||     1
Armor: Leather armour    ||    14
Dodge: Dodged            ||    28
